 Dungeon Crawl Stone Soup version 0.24-a0-416-g56ce5178b7 (webtiles) character file.

Game seed: 10082101698727648205

2103 Kuinu the Fighter (level 9, -4/81 HPs)
             Began as a White Draconian Berserker on June 8, 2019.
             Was an Elder of Trog.
             Slain by an orc warrior
             ... wielding a +0 halberd
              (18 damage)
             ... on level 6 of the Dungeon.
             The game lasted 00:16:22 (5643 turns).

Kuinu the Fighter (White Draconian Berserker)       Turns: 5643, Time: 00:16:22

Health: -4/81      AC:  9    Str: 22    XL:     9   Next: 7%
Magic:  9/9        EV: 15    Int:  8    God:    Trog [****..]
Gold:   188        SH:  0    Dex: 11    Spells: 8/8 levels left

rFire    . . .     SeeInvis .   i - +2 short sword (protect)
rCold    + . .     Gourm    .   (no shield)
rNeg     . . .     Faith    .   (armour unavailable)
rPois    .         Spirit   .   (helmet restricted)
rElec    .         Reflect  .   s - +1 cloak
rCorr    +         Harm     .   (no gloves)
MR       .....                  (no boots)
Stlth    ..........             (no amulet)
HPRegen  0.23/turn              f - ring of resist corrosion
MPRegen  0.11/turn              y - ring of attention (curse)

@: berserk cooldown, lightly drained
A: breathe frost, unfitting armour, cold resistance 1, cold-blooded, AC +7
a: Breathe Frost, Berserk, Trog's Hand, Brothers in Arms, Renounce Religion


You were on level 6 of the Dungeon.
You worshipped Trog.
Trog was greatly pleased with you.
You were not hungry.

You visited 1 branch of the dungeon, and saw 6 of its levels.

You collected 220 gold pieces.
You spent 32 gold pieces at shops.

Inventory:

Hand Weapons
 a - a +0 falchion
 i - a +2 short sword of protection (weapon)
 m - a -2 short sword
 o - a +0 trident
Armour
 k - a +0 helmet
 s - a +1 cloak (worn)
Jewellery
 f - a ring of resist corrosion (left hand)
 x - an uncursed ring of see invisible
 y - a cursed ring of attention (right hand)
Wands
 c - a wand of enslavement (17)
 t - a wand of acid (25)
 v - a wand of random effects (32)
 z - a wand of flame (12)
Scrolls
 d - a scroll of amnesia
 e - 2 scrolls of magic mapping
 j - 3 scrolls of identify
Potions
 l - 3 potions of magic
 n - a potion of cancellation
 p - a potion of might {unknown}
 q - a potion of berserk rage
 u - a potion of degeneration {unknown}
 w - 2 potions of curing {unknown}
 A - 2 potions of lignification {unknown}
Comestibles
 b - 11 rations
 B - 9 chunks of flesh


   Skills:
 * Level 8.2(7.7) Fighting
 * Level 7.5(7.0) Long Blades
 * Level 6.9(6.4) Dodging


You had 8 spell levels left.
You didn't know any spells.
Your spell library was empty.

Dungeon Overview and Level Annotations

Branches:
Dungeon (6/15)
 Temple: D:4-7

Altars:
Ashenzari
Cheibriados
Dithmenos
Gozag
Makhleb
Nemelex Xobeh
Qazlal
Sif Muna
Trog
Uskayaw
Vehumet
Wu Jian
Xom
Yredelemnul
The Shining One

Shops:
D:5 %(*

Annotations:
D:6 Eustachio


Innate Abilities, Weirdness & Mutations

You can breathe waves of freezing cold.
You can buffet flying creatures when you breathe cold.
Your icy white scales are hard. (AC +7)
You cannot fit into any form of body armour.
Your flesh is cold resistant. (rC+)
You are cold-blooded and may be slowed by cold attacks.


Message History

The orc warrior barely misses you.
You barely miss the bullfrog.
Your tail-slap misses the bullfrog.
The bullfrog hits you.
The bullfrog hits you but does no damage.
The orc warrior hits you from afar with a +0 halberd!
* * * LOW HITPOINT WARNING * * *
The bullfrog hits you.
* * * LOW HITPOINT WARNING * * *
Okay, then.
It was a potion of cancellation.
Your magical effects are unravelling.
You feel magically purged.
You feel yourself speed up.
Your resistance to elements expires.
The bullfrog hits you but does no damage.
The orc warrior hits you but does no damage.
The bullfrog hits you but does no damage.
It was a potion of berserk rage.
You're still recovering from your berserk rage.
The orc warrior hits you from afar with a +0 halberd!!
You die...

.. #. #.
.## ..# #.#
#.# #@#
#####F#####
#..oZoo...#
#...oo....#
#.........#
#.........#
#.........#
#.........#
###########


You could see an orc warrior, a bullfrog, an orc priest, 2 orcs and a quokka
skeleton.

Vanquished Creatures
  Pikel (D:6)
  2 hippogriffs (D:6)
  A phantom (D:4)
  An ogre (D:5)
  2 centaurs
  A scorpion (D:5)
  A howler monkey (D:4)
  A bullfrog zombie (D:5)
  A crimson imp (D:5)
  3 hounds
  A gnoll shaman (D:5)
  An orc priest (D:3)
  A centaur skeleton (D:4)
  Crazy Yiuf (D:3)
  2 iguanas
  Ijyb (D:5)
  Terence (D:3)
  4 orc wizards
  A worker ant (D:5)
  A hound zombie (D:5)
  A hound skeleton (D:3)
  Robin (D:3)
  8 gnolls
  13 adders
  An ooze (D:3)
  An adder skeleton (D:4)
  An adder zombie (D:3)
  A worm (D:5)
  4 leopard geckos
  14 orcs
  A ball python (D:4)
  5 giant cockroaches
  15 goblins
  7 hobgoblins
  6 jackals
  14 kobolds
  2 bats
  4 frilled lizards
  10 rats
137 creatures vanquished.

Vanquished Creatures (others)
  A bullfrog zombie (D:6)
1 creature vanquished.

Grand Total: 138 creatures vanquished

Notes
Turn   | Place    | Note
-------+----------+-------------------------------------------
     0 | D:1      | Kuinu the Draconian Berserker began the quest for the Orb.
     0 | D:1      | Reached XP level 1. HP: 19/19 MP: 1/1
   246 | D:1      | Reached XP level 2. HP: 21/26 MP: 2/2
   497 | D:1      | Found a hazy altar of Hepliaklqana.
   499 | D:1      | Found a stormy altar of Qazlal.
   499 | D:1      | Found a shimmering altar of Xom.
   502 | D:1      | Found a burning altar of Makhleb.
   502 | D:1      | Found a shadowy altar of Dithmenos.
   502 | D:1      | Found a deep blue altar of Sif Muna.
   774 | D:2      | Reached XP level 3. HP: 33/33 MP: 3/3
  1219 | D:2      | Reached skill level 4 in Fighting
  1255 | D:2      | Reached ** piety under Trog
  2007 | D:2      | Reached XP level 4. HP: 11/40 MP: 4/4
  2855 | D:3      | Reached XP level 5. HP: 47/47 MP: 5/5
  2880 | D:3      | Noticed Terence
  2883 | D:3      | Found a radiant altar of Vehumet.
  2903 | D:3      | Killed Terence
  3089 | D:3      | Reached skill level 5 in Fighting
  3109 | D:3      | Reached XP level 6. HP: 23/56 MP: 6/6
  3189 | D:3      | Noticed Robin
  3197 | D:3      | Killed Robin
  3197 | D:3      | Reached *** piety under Trog
  3512 | D:3      | Found a runed translucent door.
  3513 | D:3      | Noticed Crazy Yiuf
  3521 | D:3      | Killed Crazy Yiuf
  3574 | D:3      | Found a burning altar of Makhleb.
  3907 | D:4      | Reached skill level 5 in Long Blades
  4027 | D:4      | Your scales start taking on an icy white colour.
  4027 | D:4      | Reached XP level 7. HP: 28/62 MP: 7/7
  4027 | D:4      | Gained mutation: Your flesh is cold resistant. (rC+) [White
                  | Draconian growth]
  4082 | D:4      | Found a glowing golden altar of the Shining One.
  4300 | D:4      | Reached skill level 6 in Fighting
  4300 | D:4      | Reached skill level 5 in Dodging
  4471 | D:5      | Entered Level 5 of the Dungeon
  4498 | D:5      | Found a bloodstained altar of Trog.
  4505 | D:5      | Found a sparkling altar of Nemelex Xobeh.
  4512 | D:5      | Found a snail-covered altar of Cheibriados.
  4519 | D:5      | Found an opulent altar of Gozag.
  4528 | D:5      | Found a basalt altar of Yredelemnul.
  4533 | D:5      | Found a hide-covered altar of Uskayaw.
  4544 | D:5      | Found a shattered altar of Ashenzari.
  4608 | D:5      | Found a deep blue altar of Sif Muna.
  4649 | D:5      | Found Istriseitz's Food Shoppe.
  4841 | D:5      | Noticed Ijyb
  4856 | D:5      | Killed Ijyb
  4860 | D:5      | Reached **** piety under Trog
  4897 | D:5      | Reached XP level 8. HP: 56/71 MP: 8/8
  4973 | D:5      | Found Amubead's Assorted Antiques.
  4978 | D:5      | Bought a scroll labeled QEHYSAIJECA for 32 gold pieces
  5194 | D:5      | Reached skill level 7 in Fighting
  5220 | D:5      | Found Ruobrita's Weapon Emporium.
  5357 | D:5      | Found an ornate altar of the Wu Jian Council.
  5496 | D:6      | Noticed a hippogriff
  5503 | D:6      | Killed a hippogriff
  5504 | D:6      | Noticed Pikel
  5547 | D:6      | Killed Pikel
  5547 | D:6      | Reached skill level 8 in Fighting
  5584 | D:6      | Noticed Eustachio
  5587 | D:6      | Noticed a hippogriff
  5608 | D:6      | Killed a hippogriff
  5608 | D:6      | Reached XP level 9. HP: 50/81 MP: 9/9
  5643 | D:6      | Slain by an orc warrior

Levels and vault maps discovered:
D:1:      dpeg_arrival_court, layout_loops_ring, doesnt_xom_only_xom
D:2:      layout_basic, hangedman_abyss_or_decor_stabs
D:3:      layout_loops_ring, lemuel_coloured_pillars_altar,
          nicolae_overflow_crystal_walls, first_ration,
          kennysheep_decorative_pillar, uniq_terence, uniq_robin,
          uniq_crazy_yiuf_cottage
D:4:      layout_gridville, lemuel_doored_altar
D:5:      layout_basic, old_standard_altar, grunt_temple_overflow_octagram,
          kennysheep_mini_moat, serial_shops, nicolae_shop_crystal,
          nicolae_shop_overgrown_old_shop, nicolae_shop_behind_doors,
          minmay_misc_feat_columns, uniq_ijyb
D:6:      layout_rooms, uniq_eustachio, uniq_pikel

Skill      XL: |  1  2  3  4  5  6  7  8 |
---------------+-------------------------+-----
Dodging        | 3 4 5 6 |  6.9
Fighting       | 4 5 6 8 |  8.2
Long Blades    | 4 5 6 7 |  7.5

Action                   |  1- 3 |  4- 6 |  7- 9 || total
-------------------------+-------+-------+-------++-------
Melee: Falchion          |    36 |   110 |       ||   146
       Tailslap          |    11 |    31 |    40 ||    82
       Short sword       |    85 |   136 |   259 ||   480
Invok: Berserk           |       |     7 |     6 ||    13
       Trog's Hand       |       |     1 |     2 ||     3
 Abil: Breathe Frost     |       |       |     4 ||     4
  Use: Scroll            |     7 |     3 |     3 ||    13
       Potion            |       |     2 |     5 ||     7
 Stab: Sleeping          |     2 |     1 |     1 ||     4
  Eat: Chunk             |     2 |    10 |    13 ||    25
       Ration            |       |     1 |       ||     1
Armor: Skin              |    24 |    72 |   102 ||   198
Dodge: Dodged            |    82 |   177 |   190 ||   449
       Rpst.: Falchion   |     6 |    15 |       ||    21

Table legend:
 A = Non-vault XP
 B = Vault XP
 C = Vault XP percentage of total XP
 D = Non-vault monster count
 E = Vault monster count
 F = Vault count percentage of total count
                 A         B        C        D         E       F
            +---------+---------+-------+---------+---------+-------
      Total |    2187 |     818 |  27.2 |     123 |      15 |  10.9
            +---------+---------+-------+---------+---------+-------
        D:1 |      15 |       0 |   0.0 |      10 |       0 |   0.0
        D:2 |      95 |       0 |   0.0 |      23 |       0 |   0.0
        D:3 |     246 |     109 |  30.7 |      39 |      13 |  25.0
        D:4 |     473 |       0 |   0.0 |      24 |       0 |   0.0
        D:5 |     701 |      36 |   4.9 |      20 |       1 |   4.8
        D:6 |     657 |     673 |  50.6 |       7 |       1 |  12.5
            +---------+---------+-------+---------+---------+-------
